 Dungeon Crawl Stone Soup version 0.21.1-1-g345015fe64 (webtiles) character file.

1969 Peloso the Carver (level 9, -1/75 HPs)
             Began as a Minotaur Fighter on July 25, 2018.
             Killed from afar by Ivernyr's ghost (10 damage)
             ... with a magic dart
             ... on level 6 of the Dungeon.
             The game lasted 00:12:01 (4373 turns).

Peloso the Carver (Minotaur Fighter)                Turns: 4373, Time: 00:12:01

Health: -1/75      AC: 10    Str: 27    XL:     9   Next: 0%
Magic:  8/8        EV: 10    Int:  5    God:
Gold:   275        SH: 12    Dex: 12    Spells: 8/8 levels left

rFire    . . .     SeeInvis .   a - +1 long sword
rCold    . . .     Gourm    .   c - +1 shield
rNeg     + . .     Faith    .   b - +0 scale mail
rPois    .         Spirit   .   (helmet restricted)
rElec    .         Reflect  .   B - +1 cloak
rCorr    .         Harm     .   (no gloves)
MR       +....                  (no boots)
Stlth    ..........             (no amulet)
HPRegen  0.22/turn              r - ring of positive energy
MPRegen  0.11/turn              x - ring of protection from magic

@: mighty
A: retaliatory headbutt, horns 2
a: no special abilities


You were on level 6 of the Dungeon.
You were not hungry.

You visited 1 branch of the dungeon, and saw 6 of its levels.

You collected 275 gold pieces.

Inventory:

Hand Weapons
 a - a +1 long sword (weapon)
 H - a +1 mace of draining
Armour
 b - a +0 scale mail (worn)
 c - a +1 shield (worn)
 B - a +1 cloak (worn)
Jewellery
 r - a ring of positive energy (left hand)
 x - a ring of protection from magic (right hand)
Wands
 w - a wand of disintegration (17)
Scrolls
 e - a scroll of noise {unknown}
 h - 2 scrolls of teleportation
 i - a scroll of amnesia
 j - 2 scrolls of enchant armour
 l - 2 scrolls of identify
 m - 3 scrolls of magic mapping
 p - 3 scrolls of remove curse
 q - a scroll of enchant weapon
 t - a scroll of random uselessness {unknown}
 y - 3 scrolls of immolation {unknown}
 z - a scroll of fear {unknown}
 C - a scroll of fog {unknown}
Potions
 d - a potion of might
 g - 5 potions of brilliance
 k - 2 potions of flight
 o - 2 potions of cancellation
 s - a potion of agility {unknown}
 u - a potion of curing {unknown}
 v - 2 potions of degeneration {unknown}
 A - 2 potions of heal wounds {unknown}
 E - a potion of haste {unknown}
Books
 n - a book of Changes

   Spells                             Type                      Level
   a - Beastly Appendage              Transmutation                1
   b - Sticks to Snakes               Transmutation                2
   c - Spider Form                    Transmutation/Poison         3
   d - Ice Form                       Ice/Transmutation            4
   e - Blade Hands                    Transmutation                5
 D - a book of Maledictions

   Spells                             Type                      Level
   a - Corona                         Hexes                        1
   b - Ensorcelled Hibernation        Hexes/Ice                    2
   c - Confuse                        Hexes                        3
   d - Tukima's Dance                 Hexes                        3
   e - Dazzling Spray                 Conjuration/Hexes            3
 F - Sif Muna's Volume of the Compass
   (You found it on level 4 of the Dungeon)

   Spells                             Type                      Level
   a - Apportation                    Translocation                1
Comestibles
 f - 10 rations
 G - a chunk of flesh


   Skills:
 + Level 6.1 Fighting
 + Level 8.6 Long Blades
 + Level 7.3 Armour
 + Level 3.2 Dodging
 + Level 0.5 Stealth
 + Level 7.7 Shields


You had 8 spell levels left.
You didn't know any spells.

Dungeon Overview and Level Annotations

Branches:
Dungeon (6/15)
 Temple: D:4-7

Altars:
Ashenzari
Elyvilon
Hepliaklqana
Sif Muna
Uskayaw
Zin

Annotations:
D:6 Ivernyr's ghost, novice DrWz


Innate Abilities, Weirdness & Mutations

You reflexively headbutt those who attack you in melee.
You have a pair of horns on your head.


Message History

Ivernyr's ghost is severely damaged.
Ivernyr's ghost hits you.
* * * LOW HITPOINT WARNING * * *
You writhe in agony.
* * * LOW HITPOINT WARNING * * *
You bump into the rock wall.
Ivernyr's ghost barely misses you.
Unknown command.
Okay, then.
You bump into the rock wall.
Ivernyr's ghost barely misses you.
Unknown command.
Ivernyr's ghost points at you and mumbles some strange words.
The magic dart hits you!
* * * LOW HITPOINT WARNING * * *
Unknown command.
You feel less confused.
Unknown command.
Unknown command.
Ivernyr's ghost gestures at you while chanting.
The magic dart hits you!
You die...

... ..# ##### ..#
#.....###.># #....#
#..#.# ### #..#.# ..#
#..#.# ######.# ######
#..#.#####W@.##.# #....#
...#.......#.##.###....#
###.#########.##.#......#
#. #...........#....###
#.####.##.###......#
#.#.........#.###
#.#..............
#.#.........#....
#...#.####..#.###


You could see Ivernyr's ghost.

Vanquished Creatures
  The ghost of GreeedyOne the Chopper, a novice FoFi (D:4)
  Sigmund (D:5)
  2 phantoms
  4 ogres
  3 bullfrogs
  2 scorpions
  2 crimson imps (D:5)
  A quasit (D:5)
  Crazy Yiuf (D:4)
  A hound (D:2)
  4 orc wizards (D:4)
  A jelly (D:5)
  Jessica (D:2)
  A bullfrog skeleton (D:5)
  An iguana (D:5)
  5 worker ants
  2 worker ant zombies (D:5)
  11 adders
  2 oozes
  2 adder skeletons (D:4)
  A worm (D:4)
  2 dart slugs
  A leopard gecko (D:5)
  9 orcs
  2 giant cockroaches
  7 goblins
  6 hobgoblins
  9 jackals
  2 quokkas
  2 ball pythons (D:4)
  6 bats
  6 frilled lizards
  A giant cockroach zombie (D:5)
  8 kobolds
  A quokka zombie (D:4)
  11 rats
122 creatures vanquished.

Notes
Turn   | Place    | Note
-------+----------+-------------------------------------------
     0 | D:1      | Peloso the Minotaur Fighter began the quest for the Orb.
     0 | D:1      | Reached XP level 1. HP: 19/19 MP: 0/0
    50 | D:1      | Reached XP level 2. HP: 24/27 MP: 1/1
   297 | D:1      | Reached XP level 3. HP: 23/33 MP: 2/2
   688 | D:2      | Reached skill level 3 in Long Blades
   768 | D:2      | Found a white marble altar of Elyvilon.
   838 | D:2      | Reached XP level 4. HP: 41/41 MP: 3/3
   914 | D:2      | Found a white marble altar of Elyvilon.
   970 | D:2      | Noticed Jessica
   975 | D:2      | Killed Jessica
   975 | D:2      | Reached skill level 5 in Shields
  1025 | D:2      | Found a faded altar of an unknown god.
  1059 | D:2      | Reached XP level 5. HP: 47/47 MP: 4/4
  1299 | D:3      | Reached skill level 4 in Long Blades
  1528 | D:3      | Reached skill level 1 in Dodging
  1777 | D:4      | Noticed an ogre
  1788 | D:4      | Killed an ogre
  1788 | D:4      | Reached skill level 5 in Long Blades
  1788 | D:4      | Reached XP level 6. HP: 18/55 MP: 5/5
  2036 | D:4      | Noticed GreeedyOne's ghost (novice FoFi)
  2044 | D:5      | Entered Level 5 of the Dungeon
  2044 | D:5      | Noticed Sigmund
  2063 | D:5      | Killed Sigmund
  2063 | D:5      | Reached skill level 5 in Armour
  2373 | D:5      | Reached XP level 7. HP: 59/60 MP: 6/6
  2400 | D:5      | Reached skill level 5 in Fighting
  2606 | D:5      | Reached skill level 6 in Long Blades
  2906 | D:5      | Found a glowing silver altar of Zin.
  3052 | D:5      | Reached XP level 8. HP: 37/68 MP: 7/7
  3233 | D:5      | Reached skill level 7 in Long Blades
  3382 | D:5      | Found a hazy altar of Hepliaklqana.
  3383 | D:5      | Found a shattered altar of Ashenzari.
  3414 | D:4      | Killed GreeedyOne's ghost
  3662 | D:4      | Reached skill level 8 in Long Blades
  3701 | D:4      | Found a deep blue altar of Sif Muna.
  3996 | D:4      | Found a runed door.
  4000 | D:4      | Noticed Crazy Yiuf
  4006 | D:4      | Killed Crazy Yiuf
  4111 | D:4      | Found a hide-covered altar of Uskayaw.
  4151 | D:4      | Identified Sif Muna's Volume of the Compass
  4290 | D:6      | Reached XP level 9. HP: 75/75 MP: 8/8
  4312 | D:6      | Noticed Ivernyr's ghost (novice DrWz)
  4373 | D:6      | Killed from afar by Ivernyr's ghost

Skill      XL: |  1  2  3  4  5  6  7  8 |
---------------+-------------------------+-----
Fighting       | 4 5 6 |  6.1
Shields        | 4 5 6 7 |  7.7
Long Blades    | 3 5 6 8 |  8.6
Armour         | 4 5 6 7 |  7.3
Dodging        | 1 2 3 |  3.2
Stealth        | |  0.5

Action                   |  1- 3 |  4- 6 |  7- 9 || total
-------------------------+-------+-------+-------++-------
Melee: Long sword        |   110 |    92 |   229 ||   431
       Headbutt          |    12 |    14 |    53 ||    79
Evoke: Wand              |       |       |     1 ||     1
  Use: Scroll            |       |    10 |       ||    10
       Potion            |       |       |     2 ||     2
  Eat: Chunk             |       |     4 |     8 ||    12
Armor: Scale mail        |    66 |    28 |    85 ||   179
Dodge: Dodged            |    43 |    13 |    63 ||   119
Block: Shield            |    85 |    45 |   121 ||   251
       Rpst.: Long sword |    10 |     5 |    13 ||    28
